AoeStats
← [Marty]TheEY

Nomad

509424098Analyzed
4v4 RM · 7d ago on Sep 26, 2026· 34m 0s· 8 players
Game mode
Random Map
Map size
231×231
Population
200
Speed
Normal
Resources
Standard
Victory
Conquest
Starting age
Dark Age
Ending age
Imperial Age
RankedLock teamsTeams togetherTeam positionsShared explorationLock speedFull tech treeHidden civsTurbo modeCheats
Victory
Defeat
🇬🇪 Bengalis · Georgia
1664
+12
🇪🇸 Cumans · Spain
1605
+14
🇩🇪 Aztecs · Germany
1602
+14
🇹🇷 Huns · Türkiye
1581
+15
🇭🇰 Britons · Hong Kong SAR China
1588
-16
🇭🇰 Poles · Hong Kong SAR China
1578
-14
🇭🇰 Italians · Hong Kong SAR China
1557
-13
🇭🇰 Shu · Hong Kong SAR China
1516
-12
Scheiße
4:41 Loom
15:14 Feudal Age
19:02 Castle Age
17:22 Forging
16:59 Double-Bit Axe
20:20 Medium Warships
20:32 Bow Saw
20:12 Fishing Lines
24:20 Iron Casting
27:32 Wheelbarrow
27:54 Horse Collar
32:02 Bloodlines
36:05 Imperial Age
33:45 Scale Barding Armor
33:43 Husbandry
Poggle-der-Fisch
9:51 Loom
13:32 Feudal Age
17:27 Castle Age
17:25 Scale Mail Armor
18:24 Squires
19:41 Chain Mail Armor
19:28 Eagle Warrior
33:39 Horse Collar
Tales de Paleto
3:51 Loom
12:28 Feudal Age
13:17 Double-Bit Axe
22:26 Fletching
28:17 Gold Mining
28:07 Horse Collar
28:47 Town Watch
29:47 Scale Mail Armor
33:27 Castle Age
[TMG] purple
5:23 Loom
14:10 Feudal Age
18:21 Castle Age
17:51 Double-Bit Axe
19:16 Medium Warships
19:33 Bow Saw
21:21 Fletching
21:21 Fishing Lines
22:36 Bodkin Arrow
24:27 Gold Mining
24:30 Stone Mining
27:51 Ballistics
28:33 Gillnets
33:29 Imperial Age
32:22 Wheelbarrow
31:33 Town Watch
32:35 Town Watch
32:55 Padded Archer Armor
34:13 Bracer
phlui1122
4:43 Loom
13:23 Feudal Age
15:10 Double-Bit Axe
17:34 Castle Age
16:58 Fletching
18:18 Bodkin Arrow
19:29 Padded Archer Armor
20:11 Town Watch
25:02 Leather Archer Armor
29:12 Thumb Ring
30:16 Ballistics
31:41 Husbandry
34:22 Wheelbarrow
[Marty]TheEY
4:50 Loom
12:19 Feudal Age
12:50 Double-Bit Axe
23:42 Castle Age
23:40 Gold Mining
24:34 Medium Warships
24:45 Bow Saw
24:41 Fletching
33:49 Wheelbarrow
happy伯
6:43 Loom
12:41 Feudal Age
13:21 Double-Bit Axe
13:46 Fishing Lines
15:38 Fletching
23:15 Castle Age
28:09 Town Watch
Yan
7:01 Loom
14:04 Feudal Age
18:24 Castle Age
16:59 Double-Bit Axe
17:28 Fishing Lines
19:36 Medium Warships
24:35 Horse Collar
31:35 Bloodlines
33:47 Husbandry
Connection lost

Rejoining the realm…

Still unreachable

The connection could not be restored.

Session expired

The server has moved on; the page needs a fresh start.